[Event "Late-Titled-Tuesday-Blitz-September-26-2023"]
[Site "Chess.com"]
[Date "2023.09.26"]
[Round "4"]
[White "GianmarcoVaR"]
[Black "pirulillo"]
[Result "1-0"]
[WhiteElo "2585"]
[BlackElo "2361"]
[TimeControl "180+1"]
[EndTime "14:36:17 PDT"]
[Termination "GianmarcoVaR won by resignation"]

1. e4 c5 2. d4 cxd4 3. Bc4 e6 4. Nf3 a6 5. O-O b5 6. Bb3 Bb7 7. Re1 Nc6 8. c3 d3 9. Qxd3 Qc7 10. Bg5 Nf6 11.
e5 Ng4 12. Qe2 Bc5 13. Bh4 Qb6 14. Nbd2 Nh6 15. Ne4 Bf8 16. Rad1 Nf5 17. Bg5 h6 18. Bf4 Be7 19. g4 Nh4 20. Nxh4 Bxh4 21. Nd6+ Ke7 22.
Qf3 Na5 23. Bg5+ f6 24. exf6+ Kd8 25. Nxb7+ Kc7 26. Bf4+ 1-0

[Event "Late-Titled-Tuesday-Blitz-September-26-2023"]
[Site "Chess.com"]
[Date "2023.09.26"]
[Round "4"]
[White "infinitegiantkiller"]
[Black "MMSANCHEZ"]
[Result "0-1"]
[WhiteElo "2452"]
[BlackElo "2665"]
[TimeControl "180+1"]
[EndTime "14:36:18 PDT"]
[Termination "MMSANCHEZ won by checkmate"]

1. Nf3 e6 2. g3 d5 3. Bg2 Nf6 4.
O-O c5 5. b3 Nc6 6. Bb2 Bd6 7.
d4 O-O 8. Nbd2 cxd4 9. Nxd4 e5 10. Nxc6 bxc6 11. c4 Be6 12. Rc1 Qe7 13. e3 Rfd8 14. Qc2 h5 15. Nf3 Bg4 16. h4 Ne4 17.
Rfd1 Rac8 18. Qb1 Qf6 19. cxd5 Bxf3 20. Bxf3 Qxf3 21. Rf1 Nd2 22. Qd3 Nxf1 23. Rxf1 Qxd5 24. Qe2 g6 25. Rd1 Qe6 26. Rc1 Be7 27. Qc2 Qf5 28.
Qc3 Rd3 29. Qa5 Rcd8 30. Rc2 Rd1+ 31. Kg2 Qe4+ 32. Kh2 Qh1# 0-1

[Event "Late-Titled-Tuesday-Blitz-September-26-2023"]
[Site "Chess.com"]
[Date "2023.09.26"]
[Round "4"]
[White "Gyulamiryan-koryun"]
[Black "Balla_Tamas"]
[Result "0-1"]
[WhiteElo "2020"]
[BlackElo "2416"]
[TimeControl "180+1"]
[EndTime "14:36:19 PDT"]
[Termination "Balla_Tamas won on time"]

1. e4 c5 2. Nf3 Nc6 3. d4 cxd4 4.
Nxd4 e5 5. Nb5 d6 6. N1c3 a6 7. Na3 b5 8. Nd5 Nge7 9. c4 Nxd5 10. Qxd5 Bd7 11. cxb5 Nd4 12. Bc4 Be6 13. Qb7 Rb8 14.
Qa7 Bxc4 15. Nxc4 Nc2+ 16. Ke2 Nxa1 17. Qxa6 Nc2 18. Rd1 Nd4+ 19. Kf1 Be7 20. a4 O-O 21.
Be3 Qc7 22. b6 Qc5 23. b3 Qb4 24. Bxd4 exd4 25. Rxd4 Qxb3 26. a5 Bf6 27. Rd2 Ra8 28. Qb7 Qxc4+ 29. Ke1 Rxa5 30. f3 Bd4 0-1

[Event "Late-Titled-Tuesday-Blitz-September-26-2023"]
[Site "Chess.com"]
[Date "2023.09.26"]
[Round "4"]
[White "MKlose11"]
[Black "Roedor"]
[Result "0-1"]
[WhiteElo "2604"]
[BlackElo "2383"]
[TimeControl "180+1"]
[EndTime "14:36:24 PDT"]
[Termination "Roedor won by resignation"]

1. e4 e5 2. Nf3 Nc6 3. d4 exd4 4. Bc4 Bc5 5. Ng5 Nh6 6. Nxf7 Nxf7 7. Bxf7+ Kxf7 8.
Qh5+ g6 9. Qxc5 d5 10. e5 Re8 11. O-O Rxe5 12. Nd2 Qe7 13. Qb5 a6 14. Qb3 Kg7 15.
Nf3 Rf5 16. Qd3 Qe4 17. Rd1 Qxd3 18. Rxd3 Bd7 19. Nxd4 Nxd4 20. Rxd4 c5 21. Rd1 d4 22.
b4 b6 23. Bb2 Ba4 24. Rd2 Re8 25. c3 Rfe5 26. h3 Re2 27. Bc1 Rxd2 28. Bxd2 Re2 29.
Be1 d3 30. Kf1 c4 31. f3 Rb2 32. Bf2 d2 33. Bd4+ Kf7 34. Ke2 d1=Q+ 0-1

[Event "Late-Titled-Tuesday-Blitz-September-26-2023"]
[Site "Chess.com"]
[Date "2023.09.26"]
[Round "4"]
[White "slorovel"]
[Black "Dewarfd"]
[Result "1-0"]
[WhiteElo "2471"]
[BlackElo "2217"]
[TimeControl "180+1"]
[EndTime "14:36:27 PDT"]
[Termination "slorovel won by resignation"]

1. e4 e5 2. Nf3 Nc6 3. d4 exd4 4.
Bc4 Nf6 5. O-O Nxe4 6. Re1 d5 7.
Bxd5 Qxd5 8. Nc3 Qd8 9. Rxe4+ Be6 10. Nxd4 Nxd4 11. Rxd4 Bd6 12. Bf4 O-O 13. Bxd6 cxd6 14. Rxd6 Qg5 15. Ne4 Qe5 16. Qd4 Qxd4 17. Rxd4 h6 18.
Rad1 Rac8 19. c3 a6 20. a4 Bb3 21. R1d2 Rc6 22. Rb4 Re6 23. f3 f5 24. Nc5 Re1+ 25. Kf2 Rd1 26. Nxb3 Rxd2+ 27. Nxd2 Rb8 28. a5 Kf7 29. Nc4 Ke6 30. Rb6+ Kd5 31. Nd6 Kc5 32. b4+ Kd5 33. c4+ Kd4 34. Nxb7 Re8 35. c5 Kd3 36. Rd6+ Kc3 37. c6 f4 38. c7 Rc8 39.
Rc6+ Kxb4 40. Nd6 1-0

[Event "Late-Titled-Tuesday-Blitz-September-26-2023"]
[Site "Chess.com"]
[Date "2023.09.26"]
[Round "4"]
[White "GMJustin"]
[Black "DeArron_Fox"]
[Result "0-1"]
[WhiteElo "2224"]
[BlackElo "2479"]
[TimeControl "180+1"]
[EndTime "14:36:32 PDT"]
[Termination "DeArron_Fox won on time"]

1. d4 d5 2. c4 e6 3. Nc3 Nf6 4. Bg5 Be7 5. e3 O-O 6. Nf3 h6 7. Bh4 b6 8. Bd3 Bb7 9. O-O Nbd7 10. Qe2 c5 11. cxd5 Nxd5 12. Bxe7 Qxe7 13. Nxd5 Bxd5 14. dxc5 Nxc5 15. Bc4 Bb7 16. Rfd1 Rfd8 17. Rac1 Rac8 18. Nd4 Qg5 19. f3 a6 20. b4 Na4 21. Nxe6 Rxd1+ 22. Rxd1 Qe7 23. Nd4 Nc3 0-1

[Event "Late-Titled-Tuesday-Blitz-September-26-2023"]
[Site "Chess.com"]
[Date "2023.09.26"]
[Round "4"]
[White "Bilan_Danila"]
[Black "Dhaydon19"]
[Result "0-1"]
[WhiteElo "2513"]
[BlackElo "2746"]
[TimeControl "180+1"]
[EndTime "14:36:36 PDT"]
[Termination "Dhaydon19 won by resignation"]

1. d4 c6 2. Nf3 d5 3. c4 Nf6 4. Nc3 e6 5. Bg5 Be7 6. e3 Nbd7 7. Bd3 O-O 8. cxd5 cxd5 9. O-O a6 10. Rc1 b5 11.
Ne5 Nxe5 12. dxe5 Nd7 13. Bxe7 Qxe7 14. f4 f6 15. exf6 Nxf6 16. e4 d4 17. e5 dxc3 18.
exf6 Qxf6 19. Rxc3 Bb7 20. f5 exf5 21. Bxf5 g6 22. Rg3 Rad8 23. Qg4 Bc8 24. Bd3 Qb6+ 0-1

[Event "Late-Titled-Tuesday-Blitz-September-26-2023"]
[Site "Chess.com"]
[Date "2023.09.26"]
[Round "4"]
[White "vova-79"]
[Black "Zaro1309"]
[Result "1-0"]
[WhiteElo "2617"]
[BlackElo "2322"]
[TimeControl "180+1"]
[EndTime "14:36:41 PDT"]
[Termination "vova-79 won by checkmate"]

1. d4 d5 2. c4 e6 3. Nc3 Nf6 4. Nf3 Be7 5. Bf4 O-O 6. e3 Nbd7 7. cxd5 Nxd5 8. Bg3 Bb4 9. Rc1 c5 10. Bc4 N7f6 11. O-O Nxc3 12. bxc3 Ba3 13. Rb1 cxd4 14. cxd4 Bd6 15. Bh4 b6 16. Ne5 Qc7 17. f4 Bxe5 18. fxe5 Qxc4 19. exf6 g6 20. Qf3 Ba6 21. Qf4 Rfc8 22.
Qh6 Qxf1+ 23. Rxf1 Bxf1 24. Qg7# 1-0

[Event "Late-Titled-Tuesday-Blitz-September-26-2023"]
[Site "Chess.com"]
[Date "2023.09.26"]
[Round "4"]
[White "diamonds13"]
[Black "rose107"]
[Result "0-1"]
[WhiteElo "2297"]
[BlackElo "2107"]
[TimeControl "180+1"]
[EndTime "14:36:42 PDT"]
[Termination "rose107 won on time"]

1. d4 d5 2. c4 e5 3. dxe5 d4 4.
Nf3 Nc6 5. Nbd2 Nge7 6. g3 Ng6 7. Bg2 Ngxe5 8. Nxe5 Nxe5 9. O-O Be7 10. Ne4 c5 11. Bf4 Nxc4 12. Qa4+ Qd7 13. Qxc4 b5 14. Nxc5 bxc4 15.
Nxd7 Kxd7 16. Bxa8 Ba6 17. Bd5 f5 18. Be5 Bf6 19.
Bxf6 gxf6 20. Rfd1 Kd6 21. Bxc4 Bxc4 22. Rxd4+ Kc5 23. Rf4 Bxe2 24. Rc1+ Kb5 25. Rxf5+ Kb6 0-1

[Event "Late-Titled-Tuesday-Blitz-September-26-2023"]
[Site "Chess.com"]
[Date "2023.09.26"]
[Round "4"]
[White "jamengrand"]
[Black "ArtemDyachuk"]
[Result "0-1"]
[WhiteElo "2265"]
[BlackElo "2685"]
[TimeControl "180+1"]
[EndTime "14:36:43 PDT"]
[Termination "ArtemDyachuk won by resignation"]

1. e4 c5 2. Be2 e6 3. f4 d5 4. d3 Nc6 5. Nf3 Bd6 6. O-O Nge7 7. c3 O-O 8. Be3 f6 9. Nbd2 d4 10. cxd4 cxd4 11. Nxd4 Bc5 12. N2b3 Bxd4 13. Nxd4 Nxd4 14. Bg4 e5 15. f5 Nec6 16. Kh1 Qb6 17. Rf2 Bd7 18.
Bh3 Rac8 19. Qh5 Be8 20. Qh4 Nb4 21. Rd1 Rc2 22. a3 Rxf2 23. Qxf2 Nbc6 24. g4 Qb3 25. Rd2 Kh8 26. g5 Bh5 27. gxf6 Bf3+ 28. Kg1 gxf6 29. Qh4 Qf7 30. Bh6 Rg8+ 31. Kf2 Bh5 32. b4 Nf3 0-1

[Event "Late-Titled-Tuesday-Blitz-September-26-2023"]
[Site "Chess.com"]
[Date "2023.09.26"]
[Round "4"]
[White "Rital44"]
[Black "German_Bazeev"]
[Result "0-1"]
[WhiteElo "2516"]
[BlackElo "2762"]
[TimeControl "180+1"]
[EndTime "14:36:44 PDT"]
[Termination "German_Bazeev won by resignation"]

1. d4 Nf6 2. Bg5 c5 3. d5 d6 4. Nc3 g6 5. e4 Bg7 6. Nf3 h6 7. Bh4 g5 8. Bg3 Nh5 9. Bb5+ Bd7 10. Qe2 Qa5 11. Bxd7+ Nxd7 12. O-O Bxc3 13. bxc3 Nxg3 14. fxg3 Qxc3 15. Kh1 a6 16. Rab1 b5 17. Rfe1 Ne5 18.
Rb3 Qc4 19. Qf2 Nxf3 20. gxf3 f6 21. f4 gxf4 22. gxf4 O-O-O 23. Rd3 Rhg8 24. e5 fxe5 25. fxe5 Rdf8 26. Qe3 Qxc2 27. Rd2 Qc4 28. exd6 Rf1+ 29. Rxf1 Qxf1+ 0-1

[Event "Late-Titled-Tuesday-Blitz-September-26-2023"]
[Site "Chess.com"]
[Date "2023.09.26"]
[Round "4"]
[White "MergenKakabaev"]
[Black "Pedrada88"]
[Result "0-1"]
[WhiteElo "2663"]
[BlackElo "2535"]
[TimeControl "180+1"]
[EndTime "14:36:44 PDT"]
[Termination "Pedrada88 won by resignation"]

1. e4 c5 2. Nf3 Nc6 3. d4 cxd4 4. Nxd4 e6 5. Nxc6 bxc6 6. Bd3 Ba6 7. O-O Bxd3 8. Qxd3 Nf6 9. e5 Nd5 10. c4 Nb4 11.
Qe2 Be7 12. a3 Na6 13. Nc3 Nc5 14. Bf4 a5 15. b4 axb4 16. axb4 Rxa1 17. Rxa1 Nb3 18.
Rb1 Nd4 19. Qd3 Nf5 20. Ne4 O-O 21. b5 cxb5 22. cxb5 Qa8 23. b6 Rb8 24. h3 h6 25. g4 Nh4 26. Bg3 Ng6 27. Nd6 Qc6 28. Kh2 Rxb6 29. Rxb6 Qxb6 30. Qc2 Bxd6 31. exd6 Kh7 32.
Qc7 Qb5 33. Qc3 f5 34. Qf3 fxg4 35. hxg4 Qg5 36. Kg2 e5 37. Qf7 Qxg4 38. Kh2 Nf4 39.
Bxf4 Qxf4+ 40. Qxf4 exf4 41. Kh3 g5 42. Kg4 Kg6 43. f3 h5+ 44. Kh3 Kf5 45. Kg2 Ke5 46.
Kf2 Kxd6 47. Ke2 Ke5 48. Kd3 d5 0-1

[Event "Late-Titled-Tuesday-Blitz-September-26-2023"]
[Site "Chess.com"]
[Date "2023.09.26"]
[Round "4"]
[White "elcala"]
[Black "szachmistrz2500"]
[Result "0-1"]
[WhiteElo "1721"]
[BlackElo "2441"]
[TimeControl "180+1"]
[EndTime "14:36:47 PDT"]
[Termination "szachmistrz2500 won by resignation"]

1. d4 c5 2. dxc5 e6 3. Nf3 Nf6 4. Bf4 Na6 5. Nc3 Nxc5 6. e3 d5 7. Nb5 Na6 8. Be2 Be7 9. O-O O-O 10. c4 Bd7 11. cxd5 Nxd5 12. Bg3 Qb6 13. a4 Rfd8 14. a5 Qc5 15. Nbd4 Rac8 16. Bxa6 bxa6 17. Ne5 Be8 18. Nd3 Qc4 19. Rc1 Qa4 20. Qxa4 Bxa4 21. Rxc8 Rxc8 22. Rc1 Rxc1+ 23. Nxc1 Bd8 24. Ncb3 Nb4 25.
Bd6 Nd3 26. Ba3 e5 27. Nc5 Nxc5 28. Bxc5 exd4 29. Bxd4 Bxa5 30. Bxa7 Bb3 31. Bc5 Bd8 32. Kf1 f5 33. Ke2 Kf7 34. Kd3 Bf6 35. Bb4 Bxb2 36. Bc3 Bxc3 37. Kxc3 Bd5 0-1

[Event "Late-Titled-Tuesday-Blitz-September-26-2023"]
[Site "Chess.com"]
[Date "2023.09.26"]
[Round "4"]
[White "BlueWizzard"]
[Black "MagnusCarlsen"]
[Result "0-1"]
[WhiteElo "2887"]
[BlackElo "3283"]
[TimeControl "180+1"]
[EndTime "14:36:49 PDT"]
[Termination "MagnusCarlsen won by resignation"]

1. e4 c5 2. Be2 d5 3. exd5 Nf6 4. c4 e6 5. d4 exd5 6. Nf3 cxd4 7. O-O Bc5 8. Nxd4 O-O 9. Nb3 Bb6 10. Bg5 dxc4 11. N3d2 h6 12. Bh4 Qd4 13. Bxf6 Qxf6 14. Nc3 Rd8 15. Qe1 Nc6 16. Nxc4 Bd4 17. Nb5 Bf5 18. Ncd6 Rxd6 19. Nxd6 Qxd6 20. Rd1 Qf6 21.
Bf3 Rd8 22. b4 Ne5 23. Be2 Ng6 24. Bd3 Nf4 25. Bxf5 Qxf5 26. Qe7 Rd5 27. Rde1 Nd3 28.
Re2 Nxf2 29. Rfe1 Kh7 30. Qxb7 Ne4+ 0-1

[Event "Late-Titled-Tuesday-Blitz-September-26-2023"]
[Site "Chess.com"]
[Date "2023.09.26"]
[Round "4"]
[White "Rodalquilar"]
[Black "ChristopherYoo"]
[Result "0-1"]
[WhiteElo "2749"]
[BlackElo "3005"]
[TimeControl "180+1"]
[EndTime "14:36:49 PDT"]
[Termination "ChristopherYoo won by resignation"]

1. d4 Nf6 2. Nf3 g6 3. Bf4 Bg7 4. e3 O-O 5. Be2 b6 6. O-O Bb7 7. a4 a6 8. h3 d6 9. Bh2 Nbd7 10. Nbd2 Ne4 11. Nxe4 Bxe4 12. Nd2 Bb7 13. a5 b5 14. c4 bxc4 15. Nxc4 c5 16. dxc5 Nxc5 17. Rc1 Rc8 18. Bf3 Bxf3 19. gxf3 Rb8 20. Nb6 Nd7 21.
Nc4 Bxb2 22. Nxb2 Rxb2 23. Qd4 Rb5 24. Qa7 Nc5 25. Ra1 Rb7 0-1

[Event "Late-Titled-Tuesday-Blitz-September-26-2023"]
[Site "Chess.com"]
[Date "2023.09.26"]
[Round "4"]
[White "kai_nov"]
[Black "micke12a"]
[Result "1-0"]
[WhiteElo "2243"]
[BlackElo "2338"]
[TimeControl "180+1"]
[EndTime "14:36:49 PDT"]
[Termination "kai_nov won by resignation"]

1. d4 Nf6 2. c4 c5 3. d5 b5 4. cxb5 a6 5. b6 e6 6. Nc3 Nxd5 7. Nxd5 exd5 8. Qxd5 Nc6 9. Nf3 Rb8 10. Ne5 Qf6 11. Nxc6 dxc6 12. Qf3 Be7 13. Bd2 Qxf3 14. exf3 Bf6 15.
O-O-O Rxb6 16. b3 Be6 17. Be3 Be7 18. Rd2 a5 19. Rc2 a4 20. bxa4 Rb4 21. a5 Ra4 22. a6 c4 23. a7 c5 24. Rb2 Rxa7 25. Rb8+ Bd8 26. Bxc5 Rxa2 27. Kb1 c3 28. Bb5+ Bd7 29. Re1+ 1-0

[Event "Late-Titled-Tuesday-Blitz-September-26-2023"]
[Site "Chess.com"]
[Date "2023.09.26"]
[Round "4"]
[White "aranibos"]
[Black "cukus"]
[Result "0-1"]
[WhiteElo "2284"]
[BlackElo "2376"]
[TimeControl "180+1"]
[EndTime "14:36:50 PDT"]
[Termination "cukus won by resignation"]

1. d4 d5 2. Nf3 Nf6 3. Bg5 e6 4.
Nbd2 h6 5. Bxf6 Qxf6 6. e4 g6 7.
e5 Qe7 8. Bd3 Bg7 9. c4 dxc4 10.
Nxc4 O-O 11. O-O Rd8 12. Qe2 Nc6 13. Qe4 Nb4 14. Bb1 Bd7 15. a3 Bc6 16. Qe2 Nd5 17. Na5 Nf4 18. Qe3 Bxf3 19. Qxf4 Bd5 20. Ba2 b6 21. Bxd5 Rxd5 22. Nb3 a5 23. Nd2 Rad8 24. Nf3 c5 25. dxc5 Qxc5 26. Rac1 Qb5 27. Rfe1 Qxb2 28.
a4 Qb4 29. Qxb4 axb4 30. Rb1 Bf8 31. h4 Bc5 32. Re2 Rd3 33. h5 g5 34. g4 Rxf3 0-1

[Event "Late-Titled-Tuesday-Blitz-September-26-2023"]
[Site "Chess.com"]
[Date "2023.09.26"]
[Round "4"]
[White "DanielNaroditsky"]
[Black "MikaelyanArman"]
[Result "1-0"]
[WhiteElo "3135"]
[BlackElo "2837"]
[TimeControl "180+1"]
[EndTime "14:36:52 PDT"]
[Termination "DanielNaroditsky won by resignation"]

1. e4 e5 2. Nf3 Nc6 3. Nc3 Nf6 4. g3 g6 5. Bg2 Bg7 6. O-O O-O 7. d3 d6 8. h3 Nh5 9. Be3 h6 10. d4 exd4 11.
Nxd4 Ne5 12. Qe2 c5 13. Nb3 Be6 14. Nd2 Nc6 15. g4 Nd4 16. Qd1 Nf6 17. Nb3 Nc6 18. Qd2 a5 19. Rad1 a4 20. Nc1 Ne5 21. b3 axb3 22. axb3 Qa5 23. N1e2 Rad8 24. Bxh6 b5 25. Bxg7 Kxg7 26. f4 Nc6 27. f5 Bc8 28. Qg5 Ne5 29.
Ra1 Qb4 30. Ra7 c4 31. Qxf6+ Kxf6 32. Nd5+ 1-0

[Event "Late-Titled-Tuesday-Blitz-September-26-2023"]
[Site "Chess.com"]
[Date "2023.09.26"]
[Round "4"]
[White "AleksanderHnydiuk"]
[Black "RebecaJimnz"]
[Result "1-0"]
[WhiteElo "2545"]
[BlackElo "2188"]
[TimeControl "180+1"]
[EndTime "14:36:52 PDT"]
[Termination "AleksanderHnydiuk won on time"]

1. e4 g6 2. d4 Bg7 3. Nc3 d6 4. f4 Nf6 5. Nf3 O-O 6. e5 dxe5 7. fxe5 Nd5 8. Bc4 c6 9. O-O Bg4 10. h3 Bxf3 11. Qxf3 e6 12. Bb3 Ne7 13. Be3 Nf5 14. Rad1 Nxe3 15. Qxe3 Nd7 16. Ne4 Qb6 17. Qf2 Rad8 18.
Nd6 Nxe5 19. dxe5 Qxf2+ 20. Rxf2 Bxe5 21. Rfd2 Bf4 22. Rd3 b5 23. Ne4 Be3+ 24. Kf1 Bb6 25. Nf6+ Kg7 26. Nd7 Rfe8 27. a4 Bc7 28. Nc5 a5 29. Rd7 1-0

[Event "Late-Titled-Tuesday-Blitz-September-26-2023"]
[Site "Chess.com"]
[Date "2023.09.26"]
[Round "4"]
[White "PotapovaM"]
[Black "Firouzja2003"]
[Result "0-1"]
[WhiteElo "2609"]
[BlackElo "3085"]
[TimeControl "180+1"]
[EndTime "14:36:53 PDT"]
[Termination "Firouzja2003 won by resignation"]

1. d4 Nf6 2. c4 g6 3. Nc3 Bg7 4. e4 d6 5. h3 O-O 6. Be3 Na6 7. g4 c5 8. d5 e6 9. Bg2 exd5 10. exd5 Re8 11. Nge2 Rxe3 12. fxe3 Qe7 13. e4 h5 14. g5 Nd7 15. h4 Ne5 16. b3 f6 17. gxf6 Qxf6 18. Qd2 Kh7 19. a3 Bg4 20. Rf1 Qxh4+ 21.
Kd1 Qh2 22. Bh1 Bh6 23. Ke1 0-1

[Event "Late-Titled-Tuesday-Blitz-September-26-2023"]
[Site "Chess.com"]
[Date "2023.09.26"]
[Round "4"]
[White "Colombiano07"]
[Black "dadice10"]
[Result "1-0"]
[WhiteElo "2391"]
[BlackElo "2231"]
[TimeControl "180+1"]
[EndTime "14:36:54 PDT"]
[Termination "Colombiano07 won by resignation"]

1. d4 d5 2. Nf3 Nf6 3. c4 dxc4 4. e3 Bg4 5. Bxc4 e6 6. Nbd2 Bd6 7. O-O O-O 8. Qc2 Nc6 9. a3 e5 10. d5 Ne7 11. h3 Bh5 12. e4 Bg6 13. Re1 c6 14. dxc6 Nxc6 15. Qa4 a6 16. Bd5 Rc8 17. Nf1 Nxd5 18.
exd5 Ne7 19. Nxe5 Nxd5 20. Nxg6 hxg6 21. Be3 Nxe3 22. Nxe3 Qf6 23. Rad1 Rfd8 24. b4 Qf4 25. g3 Qf3 26. Nf1 Kh7 27. Re3 Qc6 28. Qxc6 bxc6 29.
Red3 Be7 30. Kg2 Rxd3 31. Rxd3 Kg8 32. Rd7 Kf8 33. Ra7 c5 34. bxc5 Bxc5 35. Rxa6 Rd8 36.
a4 Rd2 37. Nxd2 1-0

[Event "Late-Titled-Tuesday-Blitz-September-26-2023"]
[Site "Chess.com"]
[Date "2023.09.26"]
[Round "4"]
[White "rdarruda"]
[Black "NotFischer"]
[Result "1-0"]
[WhiteElo "2486"]
[BlackElo "2252"]
[TimeControl "180+1"]
[EndTime "14:36:55 PDT"]
[Termination "rdarruda won by resignation"]

1. d4 g6 2. e4 Bg7 3. Nc3 c6 4. Nf3 d5 5. Bg5 Nf6 6. Bd3 dxe4 7. Nxe4 Nxe4 8. Bxe4 Nd7 9. O-O Nf6 10. Bd3 O-O 11. Qd2 Re8 12. h3 Be6 13. Rfe1 Bd5 14. Ne5 b5 15. Bh6 a5 16. Bxg7 Kxg7 17. b3 b4 18. Qf4 Qd6 19. Rad1 Nh5 20. Qh4 Qf6 21. Qg4 Be6 22. Qe4 Bd5 23. Qe3 Nf4 24. Bf1 Rad8 25.
g3 Ne6 26. f4 Qf5 27. Rd2 h5 28. Bd3 Qxh3 29. Rh2 Qxh2+ 30. Kxh2 Rc8 31. f5 Nf8 32.
fxg6 fxg6 33. Rf1 Be6 34. Qg5 1-0

[Event "Late-Titled-Tuesday-Blitz-September-26-2023"]
[Site "Chess.com"]
[Date "2023.09.26"]
[Round "4"]
[White "dretch"]
[Black "SpeedofLight0"]
[Result "0-1"]
[WhiteElo "2847"]
[BlackElo "3058"]
[TimeControl "180+1"]
[EndTime "14:36:56 PDT"]
[Termination "SpeedofLight0 won on time"]

1. d4 Nf6 2. c4 e6 3. Nc3 d5 4. cxd5 Nxd5 5. Nf3 Be7 6. e4 Nxc3 7. bxc3 c5 8. Bd3 cxd4 9. cxd4 Bb4+ 10. Bd2 Bxd2+ 11. Qxd2 O-O 12. O-O Nd7 13. e5 b6 14. Qc2 h6 15.
Qc6 Rb8 16. Qe4 g6 17. Qe3 Kg7 18. Rac1 Bb7 19. Be4 Bxe4 20. Qxe4 b5 21. h4 Nb6 22. h5 g5 23. Rc5 Na4 24. Rc6 Rc8 25. Rfc1 Qd7 26.
Nh2 Rxc6 27. Rxc6 Rc8 28. Rxc8 Qxc8 29. g3 Qc1+ 30. Kg2 Qd1 31. Ng4 Nc3 32. Qc6 Qxd4 33.
Kh3 b4 0-1

[Event "Late-Titled-Tuesday-Blitz-September-26-2023"]
[Site "Chess.com"]
[Date "2023.09.26"]
[Round "4"]
[White "PassedPawnMustPushed"]
[Black "maurovargas01"]
[Result "1-0"]
[WhiteElo "2142"]
[BlackElo "1907"]
[TimeControl "180+1"]
[EndTime "14:36:58 PDT"]
[Termination "PassedPawnMustPushed won by checkmate"]

1. e4 d5 2. exd5 Qxd5 3. Nc3 Qa5 4. d4 c6 5. Nf3 Nf6 6. Be2 Bg4 7. O-O e6 8. h3 h5 9. Bf4 Bf5 10. Ne5 Nbd7 11. Nc4 Qd8 12. a4 Bb4 13. Nd6+ Bxd6 14. Bxd6 Nb6 15. Ba3 Qd7 16. a5 Nbd5 17. Na4 Ne7 18.
Nc5 Qc7 19. a6 b6 20. Nb7 Ne4 21. Bf3 Ng5 22. Nd6+ Kf8 23. Nxf5 exf5 24. Re1 Re8 25. d5 cxd5 26. Qxd5 Nxf3+ 27. Qxf3 Qxc2 28. Rxe7 Rxe7 29. Qa8+ Qc8 30. Qxc8# 1-0

[Event "Late-Titled-Tuesday-Blitz-September-26-2023"]
[Site "Chess.com"]
[Date "2023.09.26"]
[Round "4"]
[White "Good_Knight_Kiss"]
[Black "HamedWafa4"]
[Result "0-1"]
[WhiteElo "2428"]
[BlackElo "2654"]
[TimeControl "180+1"]
[EndTime "14:36:59 PDT"]
[Termination "HamedWafa4 won on time"]

1. e4 e5 2. Nf3 Nc6 3. Bb5 a6 4. Ba4 Nf6 5. O-O Be7 6. Re1 b5 7. Bb3 O-O 8. a4 d5 9. axb5 dxe4 10. bxc6 exf3 11. Qxf3 e4 12. Qc3 Rb8 13. Ra4 Bd6 14. h3 Re8 15. d4 exd3 16. Bg5 Bf5 17. Rxe8+ Qxe8 18. Bxf6 dxc2 19. Bxc2 Bxc2 20. Rg4 Bg6 21. Bxg7 Rb3 22. Qc1 Kxg7 23. Nd2 Rd3 24. Nf3 Qe2 25. h4 Rd1+ 26. Qxd1 Qxd1+ 0-1

[Event "Late-Titled-Tuesday-Blitz-September-26-2023"]
[Site "Chess.com"]
[Date "2023.09.26"]
[Round "4"]
[White "komogro"]
[Black "ogpin"]
[Result "1-0"]
[WhiteElo "2431"]
[BlackElo "2061"]
[TimeControl "180+1"]
[EndTime "14:37:00 PDT"]
[Termination "komogro won by resignation"]

1. e4 e5 2. Nc3 g6 3. g3 Bg7 4. Bg2 Ne7 5. d3 O-O 6. Be3 c6 7. Qd2 d5 8. Bh6 Be6 9. h4 Nd7 10. h5 d4 11. Bxg7 Kxg7 12. hxg6 fxg6 13. Qh6+ Kf7 14. Qxh7+ Ke8 15. Nce2 Qb6 16. b3 Qb4+ 17. Kf1 Nf6 18. Qg7 Qd2 19. Nf3 Qxc2 20. Nxe5 Ng4 21.
Rh8 Bg8 22. Nxg4 Kd7 23. Qxd4+ Kc7 24. Rc1 Qxa2 25. Nf4 Bxb3 26. Rh7 Rae8 27. Qe5+ Kb6 28. Rxe7 Qa3 29. Qc7+ Ka6 30. Qxb7+ Ka5 31. Qxa7+ Kb4 32. Qd4+ Kb5 33. Rb7+ 1-0

[Event "Late-Titled-Tuesday-Blitz-September-26-2023"]
[Site "Chess.com"]
[Date "2023.09.26"]
[Round "4"]
[White "FairChess_on_YouTube"]
[Black "vladislavkovalev"]
[Result "1-0"]
[WhiteElo "3098"]
[BlackElo "2876"]
[TimeControl "180+1"]
[EndTime "14:37:04 PDT"]
[Termination "FairChess_on_YouTube won by resignation"]

1. d4 Nf6 2. c4 e6 3. Nf3 Bb4+ 4. Bd2 Qe7 5. g3 b6 6. Bg2 Bb7 7. O-O Bxd2 8. Qxd2 O-O 9. Nc3 Ne4 10. Nxe4 Bxe4 11. Qf4 d5 12. Rac1 c5 13. dxc5 bxc5 14. cxd5 exd5 15.
Qe3 Qf6 16. Rxc5 Qxb2 17. Qd2 Qb6 18. Rfc1 Nd7 19. Rc6 Qd8 20. Nd4 Nf6 21. Qf4 Re8 22.
Rd6 Qe7 23. Bxe4 Qxe4 24. f3 Qxf4 25. gxf4 Rab8 26. Rc7 Rb4 27. e3 h6 28. Nf5 Rb2 29.
Rxa7 Rc8 30. Ne7+ 1-0

[Event "Late-Titled-Tuesday-Blitz-September-26-2023"]
[Site "Chess.com"]
[Date "2023.09.26"]
[Round "4"]
[White "Bodhanas"]
[Black "Manukyan_Artak"]
[Result "1-0"]
[WhiteElo "2091"]
[BlackElo "2416"]
[TimeControl "180+1"]
[EndTime "14:37:05 PDT"]
[Termination "Bodhanas won by resignation"]

1. d4 d5 2. Nf3 Nf6 3. Bf4 c5 4. c3 Qb6 5. Qb3 c4 6. Qc2 Nc6 7. Nbd2 g6 8. g3 Bf5 9. Qc1 Bg7 10. Bg2 O-O 11. O-O Rad8 12. Ne5 h5 13. Nxc6 bxc6 14.
Re1 h4 15. e4 dxe4 16. Nxe4 hxg3 17. hxg3 Nd5 18. Bh6 Bxe4 19. Bxe4 Bxh6 20. Qxh6 Qxb2 21. Rab1 Qxc3 22. Bxg6 Nf6 23. Rxe7 Qxd4 24. Bxf7+ Rxf7 25. Qg6+ Kh8 26. Rxf7 Qg4 27. Qxf6+ 1-0

[Event "Late-Titled-Tuesday-Blitz-September-26-2023"]
[Site "Chess.com"]
[Date "2023.09.26"]
[Round "4"]
[White "expii"]
[Black "ExchangeAB"]
[Result "0-1"]
[WhiteElo "2238"]
[BlackElo "2411"]
[TimeControl "180+1"]
[EndTime "14:37:06 PDT"]
[Termination "ExchangeAB won on time"]

1. e4 c6 2. d4 d5 3. f3 g6 4. Nc3 Bg7 5. Be3 dxe4 6. fxe4 Nf6 7.
h3 O-O 8. Nf3 Nbd7 9. Bc4 b5 10.
Bd3 b4 11. Ne2 Qc7 12. O-O e5 13. c3 bxc3 14. bxc3 Re8 15. Qc2 a5 16. Kh1 Ba6 17. Bxa6 Rxa6 18. dxe5 Nxe5 19. Bf4 Nh5 20. Bh2 Qe7 21.
Nxe5 Bxe5 22. Nd4 Bxh2 23. Kxh2 Qe5+ 24. Kg1 c5 25. Nf3 Qxe4 26. Qxe4 Rxe4 27. Ng5 Re7 28. Rad1 Ng3 29. Rd8+ Kg7 30. Rfd1 Ne2+ 31. Kh1 Nxc3 0-1

[Event "Late-Titled-Tuesday-Blitz-September-26-2023"]
[Site "Chess.com"]
[Date "2023.09.26"]
[Round "4"]
[White "bettercallcafu"]
[Black "Lion_DL"]
[Result "1-0"]
[WhiteElo "2688"]
[BlackElo "2505"]
[TimeControl "180+1"]
[EndTime "14:37:09 PDT"]
[Termination "bettercallcafu won by checkmate"]

1. d4 Nf6 2. Nc3 d5 3. Bf4 c5 4. Be3 cxd4 5. Bxd4 e6 6. Bxf6 Qxf6 7. Nf3 Bb4 8. Qd3 Nc6 9. a3 Bxc3+ 10. bxc3 O-O 11. e3 Rd8 12. Be2 e5 13. Qd2 Be6 14. O-O Rac8 15. Rab1 b6 16. Rfd1 Na5 17. h3 Rd7 18. Nh2 Rdc7 19.
Ng4 Qg5 20. f4 exf4 21. exf4 Qe7 22. Ba6 Bxg4 23. hxg4 Qc5+ 24. Qd4 Rd8 25. Qxc5 Rxc5 26. Rb5 Rxc3 27. Rbxd5 Rxd5 28. Rxd5 g6 29. Bd3 Rxa3 30. Rd7 Nc6 31. Bb5 Nb4 32. Bc4 Nxc2 33. Rxf7 Rc3 34.
Bd5 Nb4 35. Be6 Re3 36. f5 gxf5 37. gxf5 Kh8 38. f6 h6 39. Rf8+ Kh7 40. Bf5# 1-0